 Dungeon Crawl Stone Soup version 0.20-a0-700-gbd4582c (webtiles) character file.

2474 AlphabetPasta the Arsonist (level 9, 0/62 HPs)
             Began as a Demigod Fire Elementalist on Feb 20, 2017.
             Slain by Joseph
             ... wielding a +0 quarterstaff
              (12 damage)
             ... on level 7 of the Dungeon.
             The game lasted 00:43:03 (9246 turns).

AlphabetPasta the Arsonist (DgFE)                   Turns: 9246, Time: 00:43:04

Health: 0/62       AC:  5    Str: 16    XL:     9   Next: 6%
Magic:  17/20      EV: 12    Int: 25    God:
Gold:   208        SH:  0    Dex: 18    Spells: 8/18 levels left

rFire    . . .     SeeInvis .   y - +6 whip "Kuthiafe" {venom, MR+ Str+5 Stlth+}
rCold    . . .     Gourm    .   a - +0 robe
rNeg     . . .     Faith    .   (no shield)
rPois    .         Spirit   .   (no helmet)
rElec    .         Reflect  .   (no cloak)
rCorr    .         Harm     .   k - +2 pair of gloves
MR       +....                  (no boots)
Stlth    +++.......             (no amulet)
Regen    0.2/turn               (no ring)
MPRegen  0.2/turn               s - +2 ring of dexterity

@: very slightly contaminated, hasted, drained, very quick
A: high mp 1
a: no special abilities


You were on level 7 of the Dungeon.
You were not hungry.

You visited 1 branch of the dungeon, and saw 7 of its levels.
You also visited: Ossuary.

You collected 208 gold pieces.

Inventory:

Hand Weapons
 p - a +1 morningstar of freezing
 y - the +6 whip "Kuthiafe" (weapon) {venom, MR+ Str+5 Stlth+}
   (You found it on level 6 of the Dungeon)

   It poisons the flesh of those it strikes.
   It affects your strength (+5).
   It affects your resistance to hostile enchantments.
   It makes you more stealthy.
Armour
 a - a +0 robe (worn)
 k - a +2 pair of gloves (worn)
Jewellery
 o - the ring "Runatwosen" {rF+ Str+2 Int-5 Stlth-}
   (You took it off an orc on level 6 of the Dungeon)

   [ring of loudness]

   It affects your strength (+2).
   It affects your intelligence (-5).
   It protects you from fire.
   It makes you less stealthy.
 s - a +2 ring of dexterity (left hand)
 u - an uncursed amulet of harm
Scrolls
 f - a scroll of magic mapping
 m - a scroll of blinking
 n - a scroll of fog
 t - 4 scrolls of remove curse
 A - a scroll of amnesia
 C - a scroll of recharging
Potions
 d - a potion of ambrosia {unknown}
 e - 2 potions of might
 g - 4 potions of curing
 h - 2 potions of cancellation {unknown}
 i - 3 potions of berserk rage
 j - a potion of heal wounds {unknown}
 l - 3 potions of flight
 q - a potion of magic
 r - a potion of lignification {unknown}
 v - 2 potions of resistance {unknown}
 w - a potion of degeneration {unknown}
 x - 2 potions of mutation {unknown}
 z - 2 potions of agility {unknown}
 B - 2 potions of haste
Books
 b - a book of Flames

   Spells                             Type                      Level
   a - Flame Tongue                   Conjuration/Fire             1
   b - Throw Flame                    Conjuration/Fire             2
   c - Conjure Flame                  Conjuration/Fire             3
   d - Inner Flame                    Hexes/Fire                   3
   e - Sticky Flame                   Conjuration/Fire             4
   f - Fireball                       Conjuration/Fire             5
Comestibles
 c - 7 bread rations


   Skills:
 - Level 1.7(1.6) Dodging
 - Level 1.7(1.6) Stealth
 + Level 5.3(5.1) Spellcasting
 + Level 5.5(5.3) Conjurations
 * Level 8.8(8.7) Fire Magic


You had 8 spell levels left.
You knew the following spells:

 Your Spells              Type           Power        Failure   Level  Hunger
a - Flame Tongue          Conj/Fire      #####        1%          1    None
b - Throw Flame           Conj/Fire      #####.       1%          2    None
c - Conjure Flame         Conj/Fire      #####...     1%          3    ##.....
d - Sticky Flame          Conj/Fire      #####...     6%          4    ####...


Dungeon Overview and Level Annotations

Branches:
Dungeon (7/15)             Temple (0/1) D:6

Annotations:
D:3 plsesad's ghost, amateur BaMo
D:7 Joseph


Innate Abilities, Weirdness & Mutations

You have an increased reservoir of magic. (+10% MP)


Message History

You are very lightly contaminated with residual magic.
You hit the jackal.
The jackal is almost dead.
The jackal barely misses you.
You barely miss the jackal.
The jackal is severely wounded.
The jackal bites you but does no damage.
You hit the jackal.
You kill the jackal!
You hit the jackal.
You kill the jackal!
Joseph shoots a sling bullet.
The sling bullet hits you!!
* * * LOW HITPOINT WARNING * * *
The sling bullet burns you.
* * * LOW HITPOINT WARNING * * *
Joseph says, "Return every stolen item!"
Joseph unwields an uncursed hunting sling of flaming.
It stops flaming.
Joseph wields an uncursed quarterstaff.
Joseph hits you with an uncursed quarterstaff!
You die...

#.### ##.##
########.## #)#
#.# ###.### #.#
#.# #.....# #.#
##+# #.....# #)#
#...# #.....# #.#
.....# #.....#
#.## ......#
####.....# ...####
......@##.......##
......+
.......@(.......#
...#.##
.......##(#...#.#
#.#...## ......#
#.##..#.# #......#
....!# #.##..#.#
###...## #...#
#.##.##.#
##.######+##
#.##.##.#
#.........#
#.##.##.#
#..#####..#
#.......# #..#
##..########.####


You could see Joseph.

Vanquished Creatures
  Menkaure (D:6)
  2 sky beasts (D:6)
  A necrophage (D:6)
  An orc warrior (D:6)
  An ice beast (D:6)
  A phantom (D:6)
  2 ogres (D:4)
  A big kobold (D:6)
  A wyvern zombie (D:6)
  14 wights
  A howler monkey (D:3)
  2 crimson imps
  2 orc priests
  3 orc wizards (D:4)
  A centaur skeleton (D:4)
  A gnoll shaman (D:5)
  2 iguanas
  4 worker ants
  A hound skeleton (D:5)
  12 mummies (Ossuary)
  2 worker ant zombies (D:6)
  9 gnolls
  10 adders
  A shadow imp (D:6)
  2 oozes (D:3)
  An adder skeleton (D:6)
  2 adder zombies
  A worm (D:2)
  2 dart slugs (D:1)
  4 leopard geckos (D:6)
  12 orcs
  4 ball pythons
  2 giant cockroaches
  4 goblins
  10 hobgoblins
  2 jackals (D:7)
  2 quokkas
  A ball python skeleton (D:4)
  5 bats
  7 frilled lizards
  A giant cockroach zombie (D:6)
  3 gnoll skeletons (Ossuary)
  A goblin skeleton (Ossuary)
  11 kobolds
  2 kobold skeletons (Ossuary)
  2 orc skeletons (Ossuary)
  10 rats
  11 rat skeletons (Ossuary)
178 creatures vanquished.

Notes
Turn   | Place    | Note
-------+----------+-------------------------------------------
     0 | D:1      | AlphabetPasta the Demigod Fire Elementalist began the quest for the Orb.
     0 | D:1      | Reached XP level 1. HP: 14/14 MP: 5/5
   163 | D:1      | Reached skill level 3 in Fire Magic
   176 | D:1      | Reached skill level 1 in Conjurations
   404 | D:1      | Reached XP level 2. HP: 20/20 MP: 4/7
   408 | D:1      | Learned a level 2 spell: Throw Flame
  1259 | D:2      | Reached XP level 3. HP: 26/26 MP: 6/8
  1264 | D:2      | Learned a level 3 spell: Conjure Flame
  1283 | D:2      | Found an ornate altar of the Ieoh Jian Council.
  1740 | D:2      | Reached XP level 4. HP: 33/33 MP: 2/10
  1849 | D:2      | Reached skill level 4 in Fire Magic
  1900 | D:2      | Found a white marble altar of Elyvilon.
  1951 | D:2      | Found a basalt altar of Yredelemnul.
  2258 | D:3      | Noticed plsesad's ghost (amateur BaMo)
  2507 | D:3      | Found a blossoming altar of Fedhas.
  2516 | D:3      | Found an ancient bone altar of Kikubaaqudgha.
  3081 | D:3      | Reached XP level 5. HP: 19/38 MP: 4/11
  3600 | D:4      | Found a sparkling altar of Nemelex Xobeh.
  3771 | D:4      | Noticed an ogre
  3812 | D:4      | Killed an ogre
  3812 | D:4      | Reached skill level 5 in Fire Magic
  3812 | D:4      | Reached XP level 6. HP: 45/45 MP: 6/13
  4141 | D:4      | Learned a level 4 spell: Sticky Flame
  4656 | D:4      | Found a sacrificial altar of Ru.
  4839 | D:5      | Entered Level 5 of the Dungeon
  4969 | D:5      | Found a burning altar of Makhleb.
  4973 | D:5      | Found a hide-covered altar of Uskayaw.
  5029 | D:5      | Reached XP level 7. HP: 50/50 MP: 13/15
  5129 | D:5      | Reached skill level 6 in Fire Magic
  5138 | D:5      | Found a sand-covered staircase.
  5147 | Ossuary  | Entered an ossuary
  6764 | D:6      | Learned a level 4 spell: Sticky Flame
  7045 | D:6      | Reached skill level 7 in Fire Magic
  7123 | D:6      | Reached XP level 8. HP: 54/57 MP: 4/17
  7262 | D:6      | Found a glowing silver altar of Zin.
  7737 | D:6      | Found a staircase to the Ecumenical Temple.
  7908 | D:6      | Got a warped bronze ring
  7981 | D:6      | Identified the ring "Runatwosen" {rF+ Str+2 Int-5 Stlth-} (You took it off an orc on level 6 of the Dungeon)
  8072 | D:6      | Got a dazzling whip
  8073 | D:6      | Identified the +6 whip "Kuthiafe" {venom, MR+ Str+5 Stlth+} (You found it on level 6 of the Dungeon)
  8323 | D:6      | Reached skill level 5 in Conjurations
  8323 | D:6      | Reached skill level 8 in Fire Magic
  8416 | D:6      | Noticed Menkaure
  8455 | D:6      | Killed Menkaure
  8455 | D:6      | Reached skill level 5 in Spellcasting
  9025 | D:7      | Reached XP level 9. HP: 62/62 MP: 13/20
  9236 | D:7      | Noticed Joseph
  9246 | D:7      | Slain by Joseph

Vault maps used:
D:1:      tarquinn_simple_flora_water_b
D:2:      kennysheep_ying_yang, old_standard_altar, first_bread
D:3:      kiku_gazebo_pond_becter, st_stairs_14, fedhas_altar_3
D:4:      lemuel_crystal_altar, nicolae_ru_sacrificial_ziggurat
D:5:      grunt_temple_overflow_open, nicolae_ossuary_entry_monument
D:6:      zin_treasury, minmay_temple_entry_poolview, minmay_lizard_king,
          uniq_menkaure
D:7:      marbit_many_paths, okawaru_humans, uniq_pikel, uniq_joseph
Ossuary:  ossuary_due_small_catacomb

Skill      XL: |  1  2  3  4  5  6  7  8 |
---------------+-------------------------+-----
Fire Magic     | 3 4 5 7 8 |  8.8
Conjurations   | 1 2 3 4 5 |  5.5
Spellcasting   | 2 3 4 5 |  5.3
Dodging        | |  1.7
Stealth        | |  1.7

Action                   |  1- 3 |  4- 6 |  7- 9 || total
-------------------------+-------+-------+-------++-------
Melee: Club              |       |     5 |       ||     5
       Morningstar       |       |     4 |    12 ||    16
       Whip              |       |       |    25 ||    25
 Cast: Flame Tongue      |    60 |   136 |   200 ||   396
       Throw Flame       |     4 |     6 |    20 ||    30
       Sticky Flame      |       |       |    17 ||    17
  Use: Scroll            |     4 |     6 |     8 ||    18
       Potion            |       |     2 |     1 ||     3
  Eat: Chunk             |     3 |     8 |     1 ||    12
       Royal jelly       |       |     1 |       ||     1
       Fruit             |       |       |     2 ||     2
       Meat ration       |       |       |     3 ||     3
Armor: Robe              |     4 |    15 |    19 ||    38
Dodge: Dodged            |     7 |    45 |    47 ||    99
